 Dungeon Crawl Stone Soup version 0.31.0-11-ge490571c62 (webtiles) character file.

Game seed: 15185364571246640524

39 boopmooplesden the Covered (level 3, -1/30 HPs)
             Began as an Armataur Fighter on Feb 7, 2024.
             Succumbed to Sigmund's poison
             ... on level 2 of the Dungeon.
             The game lasted 00:01:26 (806 turns).

boopmooplesden the Covered (Armataur Fighter)        Turns: 806, Time: 00:01:27

Health: -1/30      AC:  7    Str: 23    XL:     3   Next: 26%
Magic:  3/3        EV:  7    Int:  8    God:
Gold:   68         SH:  4    Dex:  9    Spells: 2/2 levels left

rFire   . . .        a - +0 flail
rCold   . . .        c - +0 buckler
rNeg    . . .        b - +0 scale mail
rPois   +            (no helmet)
rElec   .            (no cloak)
rCorr   .            (no gloves)
SInv    .            (no barding)
Will    .....        (no amulet) Stlth
                     k - ring of poison resistance
HPRegen 0.25/turn    (no ring)
MPRegen 0.08/turn

%: roll
@: lethally poisoned (-1 -> -10)
A: large, deformed body, tough skin 3, armoured tail, roll 1
a: no special abilities


You were on level 2 of the Dungeon.
You visited 1 branch of the dungeon, and saw 2 of its levels.

You collected 68 gold pieces.

Inventory:

Hand Weapons
 a - a +0 flail (weapon)
Missiles
 m - 3 javelins (quivered)
Armour
 b - a +0 scale mail (worn)
 c - a +0 buckler (worn)
Jewellery
 k - a ring of poison resistance (left hand)
Scrolls
 g - a scroll of vulnerability {unknown}
 h - a scroll of teleportation {unknown}
 j - a scroll of fog {unknown}
 l - a scroll of blinking {unknown}
Potions
 d - a potion of might
 e - a potion of berserk rage {unknown}
 f - a potion of magic {unknown}
 i - a potion of curing {unknown}
 n - 2 potions of invisibility {unknown}


   Skills:
 + Level 2.8 Fighting
 + Level 2.2 Maces & Flails
 + Level 4.1 Armour
 + Level 0.1 Dodging
 + Level 4.0 Shields


You had 2 spell levels left.
You didn't know any spells.
Your spell library was empty.

Dungeon Overview and Level Annotations

Branches:
Dungeon (2/15)

Altars:

Annotations:
D:2 Sigmund


Innate Abilities, Weirdness & Mutations

Armour fits poorly on your strangely shaped body.
You have extremely tough skin. (AC +3)
You have a long armoured tail.
You regenerate magic when rolling toward enemies. (Rampage MPRegen)


Message History

You see here a rat corpse.
You now have 53 gold pieces (gained 8).
A frilled lizard comes into view.
A frilled lizard is nearby!
A frilled lizard is nearby!
Found a robe.
The frilled lizard hisses angrily.
You barely miss the frilled lizard. The frilled lizard barely misses you.
You barely miss the frilled lizard.
The frilled lizard bites you but does no damage. x2
You miss the frilled lizard.
Your tail-slap misses the frilled lizard.
The frilled lizard barely misses you.
You completely miss the frilled lizard. The frilled lizard closely misses you.
You hit the frilled lizard.
You kill the frilled lizard!
You see here a frilled lizard corpse.
You now have 68 gold pieces (gained 15).
Sigmund the Dreaded comes into view.
He is wielding a +1 scythe of venom.
Sigmund shouts!
You hear a shout!
Sigmund is nearby!
Sigmund is nearby!
Sigmund is nearby!
You roll towards Sigmund!
Found a leather armour.
You hit Sigmund but do no damage.
Sigmund hits you with a +1 scythe of venom!
You are poisoned.
A hobgoblin comes into view.
You closely miss Sigmund.
You feel very sick. Sigmund hits you but does no damage.
You are lethally poisoned!
You barely miss Sigmund.
Your tail-slap misses Sigmund.
You feel very sick. You block Sigmund's attack.
* * * LOW HITPOINT WARNING * * *
You feel very sick.
Sigmund hits you from afar with a +1 scythe of venom!
* * * LOW HITPOINT WARNING * * *
You die...

# . .... .. .#.#[# ..
# .g...# #.#....# #
#.#....##.# #@....?#.#
#.##....# # ## ##
##..#.# .##. ##.
#@##..# #..## ##..##
###..#.#
....###.....###......#
.....#.#.....#.#.....#
.....#.#[....#.#.....#
....#.#.....#.#......#
.##.####.##.####.##..#
#..## ##†.##
##..###### .##.#
#.##.# #.##.#....


There were no monsters in sight!

Vanquished Creatures
  6 bats
  5 endoplasms
  2 giant cockroaches (D:1)
  A hobgoblin (D:2)
  3 kobolds
  3 quokkas
  5 ball pythons (D:1)
  4 frilled lizards
  A goblin (D:1)
  5 rats
35 creatures vanquished.

Notes
Turn   | Place    | Note
-------+----------+-------------------------------------------
     0 | D:1      | boopmooplesden the Armataur Fighter began the quest for the
                  | Orb.
     0 | D:1      | Reached XP level 1. HP: 18/18 MP: 1/1
    81 | D:1      | Reached XP level 2. HP: 25/25 MP: 2/2
   416 | D:1      | Reached XP level 3. HP: 28/30 MP: 3/3
   608 | D:2      | Found a faded altar of an unknown god.
   801 | D:2      | Noticed Sigmund
   805 | D:2      | HP: 1/30 [Sigmund/+1 scythe of venom (7)]
   806 | D:2      | Succumbed to Sigmund's poison

Illustrated notes

Levels and vault maps discovered:
D:1:      giann_bridges, layout_rooms, columned_hall_lemuel,
          kennysheep_minor_cross
D:2:      layout_loops_ring, shapermc_ecumenical_altar_pompeii,
          nicolae_houndstooth_variations, uniq_sigmund

Skill      XL: |  1  2  3 |
---------------+----------+-----
Maces & Flails | 2 |  2.2
Armour         | 4 |  4.1
Shields        | 4 |  4.0
Fighting       | |  2.8
Dodging        | |  0.1

Action                     || total
---------------------------++-------
  Melee: Flail             ||    78
         Tailslap          ||     4
 Armour: Scale mail        ||    87
  Dodge: Dodged            ||    28
  Block: Buckler           ||    26
